Map: Alcyone LE

Players

RayReign

  • Race: Protoss Protoss
  • League: Grandmaster
  • Spawn Location: 7:00

PiG - Winner!

  • Race: Zerg Zerg
  • League: Master
  • Spawn Location: 1:00

VOD

Have the link to the VOD?

Description

Time

  • Played on: Oct. 28, 2023, 5:11 p.m.
  • Length: 6:38
Show
View Real Time Build Order
Export as new Build Order

RayReign Protoss 

Build Orders: 1 Gate Expand 

Get SALT Encoding   

  12  0:00  Probe  
  13  0:12  Probe  
  14  0:20  Pylon  
  14  0:24  Probe  
  15  0:38  Probe (Chrono Boost)  
  15  0:40  Gateway  
  16  0:48  Assimilator, Probe (Chrono Boost)  
  17  0:53  Probe (Chrono Boost)  
  18  1:04  Probe  
  19  1:16  Probe  
  20  1:27  Nexus  
  20  1:35  Cybernetics Core, Probe  
  21  1:41  Assimilator  
  21  1:47  Probe  
  21  1:52  Pylon  
  22  2:00  Probe  
  23  2:08  Probe  
  23  2:09  Adept (Chrono Boost)  
  26  2:17  Stargate, Probe  
  27  2:27  Probe  
  27  2:29  Warp Gate  
  28  2:37  Adept  
  28  2:39  Probe  
  28  2:42  Probe  
  33  2:51  Probe  
  33  2:55  Probe  
  34  3:03  Void Ray (Chrono Boost), Probe  
  39  3:07  Probe  
  39  3:09  Pylon  
  40  3:15  Probe  
  42  3:20  Probe  
  42  3:22  Twilight Council  
  42  3:27  Gateway  
  42  3:29  Pylon  
  42  3:39  Probe  
  42  3:40  Probe  
  44  3:43  Pylon  
  44  3:51  Adept  
  46  3:57  Charge (Chrono Boost)  
  46  3:58  Pylon  
  46  4:06  Gateway x2  
  46  4:07  Gateway  
  46  4:20  Gateway  
  46  4:22  Gateway  
  46  4:26  Pylon  
  46  4:31  Gateway  
  46  4:32  Gateway  
  46  4:38  Probe  
  47  4:45  Gateway  
  47  4:53  Zealot x2  
  51  5:03  Zealot  
  51  5:04  Zealot x2  
  57  5:09  Pylon  
  57  5:15  Zealot x2  
  57  5:19  Zealot x2  
  65  5:22  Pylon  
  65  5:26  Zealot x4  
  73  5:32  Zealot  
  69  5:48  Zealot x6  
  68  6:01  Zealot  
  68  6:02  Zealot x3  
  62  6:08  Zealot  
  62  6:09  Zealot  
Show
View Real Time Build Order
Export as new Build Order

PiG Zerg - Winner!

Build Orders: Hatch First 

Get SALT Encoding   

  12  0:00  Drone  
  13  0:09  Drone  
  13  0:14  Extractor  
  13  0:15  Drone  
  15  0:36  Hatchery  
  14  0:44  Extractor, Drone  
  14  0:48  Overlord  
  15  1:03  Spawning Pool  
  14  1:06  Drone  
  16  1:11  Drone  
  16  1:14  Drone  
  16  1:17  Drone  
  18  1:31  Drone, Extractor  
  18  1:40  Drone  
  19  1:50  Queen x2  
  19  1:52  Zergling x2  
  24  1:54  Drone  
  24  2:00  Overlord  
  25  2:13  Drone x3  
  28  2:24  Overlord  
  28  2:29  Drone  
  29  2:39  Drone x2  
  29  2:41  Metabolic Boost  
  31  2:48  Hatchery  
  30  2:51  Zergling x2  
  30  2:54  Zergling x2  
  31  3:02  Queen  
  31  3:03  Drone  
  34  3:07  Drone x2  
  34  3:08  Drone  
  37  3:16  Drone  
  37  3:17  Drone  
  39  3:23  Overlord  
  39  3:24  Drone x3  
  42  3:35  Drone x2  
  42  3:40  Overlord x2  
  44  3:49  Zergling x6  
  44  3:55  Overlord  
  47  3:59  Spore Crawler, Queen x2  
  50  4:03  Queen  
  50  4:08  Drone  
  53  4:19  Drone x8  
  62  4:24  Zergling x4  
  62  4:29  Roach Warren  
  62  4:31  Extractor  
  62  4:35  Extractor  
  62  4:36  Extractor  
  58  4:38  Lair  
  58  4:39  Drone  
  59  4:46  Drone x7  
  66  4:54  Overlord x2  
  66  5:07  Overlord  
  66  5:16  Drone x8  
  78  5:24  Roach x4  
  82  5:30  Roach x2, Evolution Chamber  
  82  5:31  Evolution Chamber, Spine Crawler  
  78  5:45  Roach x6  
  86  6:01  Roach x6  
  89  6:12  Roach x3  
Tags
 
Add a new tag
Caveats
  • Supply blocks, unpowered buildings, or Contaminate may cause inaccurate times.
  • Supply counts are checked every 10 seconds.